 Dungeon Crawl Stone Soup version 0.20.0-15-g7f486f2 (webtiles) character file.

3721 dobroeutro the Cleaver (level 9, -3/66 HPs)
             Began as a Demonspawn Fighter on June 16, 2017.
             Was a Believer of Makhleb.
             Slain by a two-headed ogre
             ... wielding a +0 giant club
              (9 damage)
             ... on level 8 of the Dungeon.
             The game lasted 00:11:37 (7642 turns).

dobroeutro the Cleaver (Demonspawn Fighter)         Turns: 7642, Time: 00:11:37

Health: -3/66      AC: 19    Str: 22    XL:     9   Next: 92%
Magic:  8/8        EV:  7    Int: 12    God:    Makhleb [**....]
Gold:   104        SH: 10    Dex: 13    Spells: 8/8 levels left

rFire    . . .     SeeInvis .   a - +0 war axe
rCold    . . .     Gourm    .   c - +0 shield
rNeg     . . .     Faith    .   D - +6 chain mail "Xomatt" {*Slow rElec Stlth+}
rPois    .         Spirit   .   o - +0 helmet
rElec    +         Reflect  .   (no cloak)
rCorr    .         Harm     .   s - +0 pair of gloves
MR       .....                  (no boots)
Stlth    ..........             (no amulet)
Regen    0.3/turn               r - +3 ring of intelligence
MPRegen  0.2/turn               t - ring of loudness (curse)

@: no status effects
A: hooves 2, molten scales 1, low mp 1, mutation resistance 1, strong 1, rot
immunity
a: Minor Destruction, Renounce Religion


You were on level 8 of the Dungeon.
You worshipped Makhleb.
Makhleb was pleased with you.
You were not hungry.

You visited 2 branches of the dungeon, and saw 9 of its levels.

You collected 351 gold pieces.
You spent 247 gold pieces at shops.

Inventory:

Hand Weapons
 a - a +0 war axe (weapon)
Armour
 c - a +0 shield (worn)
 o - a +0 helmet (worn)
 s - a +0 pair of gloves (worn)
 D - the +6 chain mail "Xomatt" (worn) {*Slow rElec Stlth+}
   (You bought it in a shop on level 4 of the Dungeon)

   It insulates you from electricity.
   It may slow you when you take damage.
   It makes you more stealthy.
Jewellery
 r - a +3 ring of intelligence (left hand)
 t - a cursed ring of loudness (right hand)
Wands
 b - a wand of flame (23/48)
 u - a wand of clouds (0/9)
 C - a wand of random effects (24/48)
Scrolls
 i - 6 scrolls of remove curse {unknown}
 m - 3 scrolls of teleportation {unknown}
 q - 6 scrolls of identify {unknown}
 w - 2 scrolls of amnesia {unknown}
 y - a scroll of blinking {unknown}
 A - 2 scrolls of enchant weapon {unknown}
 E - 3 scrolls of immolation {unknown}
Potions
 d - a potion of might
 e - a potion of haste {unknown}
 g - a potion of cancellation {unknown}
 j - 7 potions of curing {unknown}
 l - 3 potions of agility {unknown}
 n - 2 potions of magic {unknown}
 p - 3 potions of flight {unknown}
 v - 2 potions of mutation {unknown}
 x - a potion of degeneration {unknown}
 z - 3 potions of heal wounds {unknown}
Comestibles
 f - 3 bread rations
 h - 6 meat rations
 k - 8 royal jellies
 B - a fruit


   Skills:
 + Level 4.4 Fighting
 + Level 11.4 Axes
 + Level 4.1 Armour
 + Level 2.6 Dodging
 + Level 4.1 Shields


You had 8 spell levels left.
You didn't know any spells.

Dungeon Overview and Level Annotations

Branches:
Dungeon (8/15)             Temple (1/1) D:4
   Lair: D:8-11

Altars:
Ashenzari
Cheibriados
Dithmenos
Elyvilon
Fedhas
Gozag
Hepliaklqana
Kikubaaqudgha
Makhleb
Nemelex Xobeh
Qazlal
Ru
Sif Muna
Trog
Uskayaw
Vehumet
Xom
Yredelemnul
Zin
The Shining One

Shops:
D:4 [   D:5 [

Annotations:
D:5 exclusion: oklob plant


Innate Abilities, Weirdness & Mutations

You have hoof-like feet.
You are partially covered in molten scales. (AC +2)
You are immune to rotting.
Your magical capacity is low. (-10% MP)
You are somewhat resistant to further mutation.
Your muscles are strong. (Str +2)


Message History

You kick the two-headed ogre, but do no damage.
The two-headed ogre is heavily wounded.
The two-headed ogre hits you with a giant club!!
* * * LOW HITPOINT WARNING * * *
You block the two-headed ogre's attack.
There is an open door here.
Evoke which item? (* to show all) (? for menu, Esc to quit)
Aiming: Random Effects (will waste charges)
Press: ? - help, Shift-Dir - straight line, f - two-headed ogre
Aim: a two-headed ogre, wielding a giant club and a giant spiked club (lightly wounded)
The fireball explodes!
The fireball engulfs the two-headed ogre.
The two-headed ogre is moderately wounded.
The fireball engulfs you!
Evoking this partially-identified wand wasted a few charges.
You hear an angry buzzing noise. x5
The two-headed ogre hits you with a giant club!
* * * LOW HITPOINT WARNING * * *
The two-headed ogre hits you with a giant spiked club!
You die...

.##.....# #.# #.##. #.#.#.###
##'## #.##. #...## ##...## #.##.
##.### ##.....## ### #.##.
#.#.## ##.......## ##.###.##.
#....####.........####...##.##.
##...[...+.........'............
#.....####.....O...####....>.###
##....## ##....@.<## ##.#.####.
.......# ##...<.## ###.# #.
.......# ##...## #.# #. .......#
##'## #.# #. ##...### #. #.# #.
#...# #. #.# #. ##.####### #. ##
#.# #... ... #.###.###....


You could see a two-headed ogre.

Vanquished Creatures
  Grinder (D:3)
  Sigmund (D:3)
  A yak (D:7)
  3 hogs (D:7)
  A human (D:7)
  2 sky beasts
  An orc warrior (D:8)
  An ice beast (D:6)
  A phantom (D:7)
  2 necrophages
  2 ogres (D:7)
  3 centaurs (D:7)
  4 bullfrogs
  3 scorpions
  5 killer bees (D:7)
  A howler monkey (D:7)
  6 crimson imps
  A quasit (D:6)
  2 jellies
  3 hounds
  4 orc wizards
  A centaur skeleton (D:8)
  Ijyb (D:2)
  6 worker ants
  A howler monkey skeleton (D:5)
  Robin (D:3)
  4 gnolls
  8 adders
  An adder zombie (D:7)
  2 adder skeletons
  3 worms
  3 dart slugs
  3 leopard geckos
  22 orcs
  A ball python (D:1)
  6 bats
  12 giant cockroaches
  16 goblins
  9 hobgoblins
  5 jackals
  2 quokkas
  4 frilled lizards
  8 kobolds
  A leopard gecko zombie (D:5)
  A quokka skeleton (D:4)
  8 rats
177 creatures vanquished.

Vanquished Creatures (others)
  A killer bee (D:7)
  A fungus (D:5)
2 creatures vanquished.

Grand Total: 179 creatures vanquished

Notes
Turn   | Place    | Note
-------+----------+-------------------------------------------
     0 | D:1      | dobroeutro the Demonspawn Fighter began the quest for the Orb.
     0 | D:1      | Reached XP level 1. HP: 18/18 MP: 1/1
    15 | D:1      | Reached skill level 2 in Axes
    70 | D:1      | Gained mutation: You are immune to rotting. [demonic ancestry]
    70 | D:1      | Reached XP level 2. HP: 23/24 MP: 2/2
   347 | D:1      | Reached skill level 3 in Axes
   718 | D:1      | Reached XP level 3. HP: 29/29 MP: 3/3
  1023 | D:2      | Found a shattered altar of Ashenzari.
  1187 | D:2      | Found a faded altar of an unknown god.
  1488 | D:3      | Reached XP level 4. HP: 35/35 MP: 4/4
  1494 | D:3      | Noticed Grinder
  1548 | D:3      | Reached skill level 4 in Axes
  1554 | D:3      | Noticed Robin
  1565 | D:3      | Killed Robin
  1619 | D:3      | Noticed Sigmund
  1633 | D:3      | Paralysed by Grinder for 3 turns
  2013 | D:3      | Reached XP level 5. HP: 41/41 MP: 5/5
  2043 | D:3      | Killed Sigmund
  2043 | D:3      | Reached skill level 5 in Axes
  2043 | D:3      | Gained mutation: You are partially covered in molten scales. (AC +2) [demonic ancestry]
  2043 | D:3      | Reached XP level 6. HP: 29/47 MP: 6/6
  2054 | D:3      | Reached skill level 6 in Axes
  2063 | D:3      | Noticed Ijyb
  2301 | D:3      | Paralysed by Grinder for 2 turns
  2327 | D:2      | Killed Ijyb
  2340 | D:3      | Paralysed by Grinder for 5 turns
  2891 | D:3      | Paralysed by Grinder for 4 turns
  2901 | D:3      | Paralysed by Grinder for 5 turns
  2913 | D:3      | Paralysed by Grinder for 7 turns
  2923 | D:3      | Killed Grinder
  2923 | D:3      | Reached skill level 7 in Axes
  2923 | D:3      | Gained mutation: You have large cloven feet. [demonic ancestry]
  2923 | D:3      | Reached XP level 7. HP: 28/52 MP: 7/7
  3206 | D:4      | Found Bupiosos's Antique Armour Emporium.
  3265 | D:4      | Found a staircase to the Ecumenical Temple.
  3277 | Temple   | Entered the Ecumenical Temple
  3482 | Temple   | Became a worshipper of Makhleb the Destroyer
  3927 | D:4      | Found a glowing silver altar of Zin.
  4161 | D:5      | Entered Level 5 of the Dungeon
  4227 | D:5      | Found Bufaim's Antique Armour Emporium.
  4259 | D:5      | Found a white marble altar of Elyvilon.
  4612 | D:5      | Found a snail-covered altar of Cheibriados.
  4612 | D:5      | Found a sparkling altar of Nemelex Xobeh.
  4719 | D:5      | Found a blossoming altar of Fedhas.
  4752 | D:5      | Noticed an oklob plant
  5125 | D:6      | Found a shimmering altar of Xom.
  5132 | D:6      | Reached skill level 8 in Axes
  5191 | D:6      | Found a shadowy altar of Dithmenos.
  5225 | D:6      | Reached XP level 8. HP: 33/58 MP: 8/8
  5800 | D:4      | Bought an ichor-stained chain mail for 247 gold pieces
  5810 | D:4      | Identified the +6 chain mail "Xomatt" {*Slow rElec Stlth+} (You bought it in a shop on level 4 of the Dungeon)
  5989 | D:6      | Reached skill level 9 in Axes
  6002 | D:6      | Gained mutation: You are somewhat resistant to further mutation. [mutagenic meat]
  6005 | D:6      | Gained mutation: Your muscles are strong. (Str +2) [mutagenic meat]
  6006 | D:6      | Gained mutation: You have hoof-like feet. [mutagenic meat]
  6055 | D:6      | Found a radiant altar of Vehumet.
  6064 | D:6      | Reached * piety under Makhleb
  6182 | D:6      | Found an ancient bone altar of Kikubaaqudgha.
  6274 | D:7      | Reached skill level 10 in Axes
  6368 | D:7      | Found a stormy altar of Qazlal.
  6430 | D:7      | Reached XP level 9. HP: 62/63 MP: 9/9
  6471 | D:7      | Reached skill level 11 in Axes
  6576 | D:7      | Gained mutation: Your magical capacity is low. (-10% MP) [mutagenic meat]
  6688 | D:7      | Reached skill level 1 in Dodging
  7009 | D:7      | Found a sacrificial altar of Ru.
  7122 | D:8      | Reached ** piety under Makhleb
  7590 | D:8      | Noticed a two-headed ogre
  7642 | D:8      | Slain by a two-headed ogre

Skill      XL: |  1  2  3  4  5  6  7  8  9 |
---------------+----------------------------+-----
Axes           | 2 3 4 5 7 8 10 11 | 11.4
Armour         | 4 |  4.1
Dodging        | 2 |  2.6
Shields        | 4 |  4.1
Fighting       | 4 |  4.4

Action                   |  1- 3 |  4- 6 |  7- 9 || total
-------------------------+-------+-------+-------++-------
Melee: War axe           |   139 |   145 |   461 ||   745
       Kick              |       |       |   129 ||   129
Evoke: Wand              |       |       |     2 ||     2
 Stab: Confused          |       |       |     1 ||     1
  Eat: Chunk             |     2 |     4 |    19 ||    25
       Bread ration      |       |       |     2 ||     2
Armor: Scale mail        |    77 |    78 |    89 ||   244
       Chain mail        |       |       |   187 ||   187
Dodge: Dodged            |    37 |    47 |    96 ||   180
Block: Shield            |    65 |    70 |   207 ||   342
